 Dungeon Crawl Stone Soup version 0.31-a0-271-gb88eb75e06 (webtiles) character file.

Game seed: 8769427020949257073

78798 wvc the Fighter (level 15, -14/85 HPs)
             Began as a Vine Stalker Fighter on Jan 23, 2023.
             Was a Follower of Uskayaw.
             Killed by the air
             ... invoked by a blizzard demon
              (18 damage)
             ... in an ice cave on July 14, 2023.
             The game lasted 01:08:50 (19646 turns).

wvc the Fighter (Vine Stalker Fighter)             Turns: 19646, Time: 01:08:51

Health: -14/85     AC: 16    Str: 20    XL:     15   Next: 61%
Magic:  0/16       EV: 29    Int:  8    God:    Uskayaw [*.....]
Gold:   1454       SH:  9    Dex: 20    Spells: 14/14 levels left

rFire   . . .        r - +3 dagger (distort)
rCold   + . .        g - +1 buckler {rC+}
rNeg    . . .        E - +1 steam dragon scales
rPois   .            j - +0 helmet
rElec   .            t - +2 cloak
rCorr   .            f - +0 pair of gloves
SInv    .            o - +0 pair of boots
Will    +....        e - amulet of regeneration
Stlth   +            v - +5 ring of evasion
HPRegen 1.94/turn    H - +5 ring of evasion
MPRegen 0.15/turn

%: guardian spirit
@: very slow
A: fangs 3, regeneration 1, magic shield, antimagic bite, no potion heal 2
a: Renounce Religion, Stomp


You were in an ice cave.
You worshipped Uskayaw.
Uskayaw was noncommittal.
You visited 3 branches of the dungeon, and saw 21 of its levels.
You visited 1 bazaar.
You also visited: Gauntlet and Ice Cave.

You collected 2042 gold pieces.
You spent 588 gold pieces at shops.

Inventory:

Hand Weapons
 r - a +3 dagger of distortion (weapon)
 u - the +6 hammer of Wondrous Power {holy, Stlth+}
   (You found it on level 2 of the Dungeon)

   Stlth:     It makes you more stealthy.
 w - a +1 rapier of speed
Missiles
 n - 53 poisoned darts (quivered)
 G - a throwing net
Armour
 f - a +0 pair of gloves (worn)
 g - a +1 buckler of cold resistance (worn)
 j - a +0 helmet (worn)
 o - a +0 pair of boots (worn)
 t - a +2 cloak (worn)
 E - +1 steam dragon scales (worn)
Jewellery
 e - an amulet of regeneration (around neck)
 v - a +5 ring of evasion (left hand)
 F - an amulet of reflection
 H - a +5 ring of evasion (right hand)
 K - a ring of resist corrosion
 Z - an amulet of the acrobat
Wands
 h - a wand of acid (6)
 D - a wand of polymorph (9)
 I - a wand of charming (21)
 R - a wand of roots (23)
Scrolls
 a - 5 scrolls of vulnerability
 b - a scroll of identify
 c - 6 scrolls of fear
 p - 7 scrolls of fog
 s - 6 scrolls of enchant weapon
 x - 7 scrolls of immolation
 y - 2 scrolls of blinking
 z - 2 scrolls of enchant armour
 P - 10 scrolls of teleportation
 T - a scroll of revelation
 Y - 2 scrolls of brand weapon
Potions
 d - 3 potions of might
 i - 4 potions of magic
 k - 10 potions of curing
 l - 8 potions of heal wounds
 q - 2 potions of resistance
 A - 4 potions of enlightenment
 B - 3 potions of lignification
 J - 4 potions of haste
 L - a potion of ambrosia
 M - 3 potions of attraction
 Q - 2 potions of berserk rage
 S - 4 potions of brilliance
 U - 3 potions of invisibility
 V - 2 potions of cancellation
 X - 5 potions of mutation
Miscellaneous
 m - a phantom mirror
 N - a phantom mirror
 O - a piece from Xom's chessboard (15/15)


   Skills:
 * Level 12.9 Fighting
 - Level 10.0 Short Blades
 - Level 4.8 Maces & Flails
 * Level 9.9 Armour
 + Level 10.7 Dodging
 + Level 12.0 Shields


You had 14 spell levels left.
You didn't know any spells.
Your spell library contained the following spells:

 Spells                   Type           Power      Damage    Failure   Level
 Shock                    Conj/Air       0%         1d3       45%         1
 Summon Small Mammal      Summ           0%         N/A       45%         1
 Ensorcelled Hibernation  Hex/Ice        0%         N/A       58%         2
 Passwall                 Tmut/Erth      0%         N/A       58%         2
 Scorch                   Fire           0%         2d5       58%         2
 Call Canine Familiar     Summ           0%         N/A       83%         3
 Frozen Ramparts          Ice            0%         1d1       83%         3
 Summon Guardian Golem    Hex/Summ       0%         N/A       83%         3
 Swiftness                Air            0%         N/A       83%         3
 Teleport Other           Tloc           0%         N/A       83%         3
 Volatile Blastmotes      Fire/Tloc      0%         2d10      83%         3
 Airstrike                Air            0%         2d(0-16)  99%         4
 Flame Wave               Conj/Fire      0%         2d4       99%         4
 Sticky Flame             Conj/Fire      0%         2d3       99%         4
 Summon Ice Beast         Ice/Summ       0%         N/A       99%         4
 Summon Forest            Summ/Tloc      0%         N/A       100%        5
 Summon Cactus Giant      Summ           0%         N/A       100%        6
 Chain Lightning          Conj/Air       0%         N/A       100%        9


Dungeon Overview and Level Annotations

Branches:
Dungeon (14/15)            Temple (0/1) D:7            Lair (5/5) D:9
 Shoals (0/4) Lair:3        Snake (0/4) Lair:3        Slime (0/5) Lair:5
    Orc (2/2) D:12            Elf (0/3) Orc:2         IceCv (1/1)
Gauntlet (visited)
 Vaults: D:13-14

Altars:
Okawaru
Qazlal
Ru
Trog
Uskayaw
Wu Jian
Yredelemnul
Jiyva

Shops:
D:2 [   D:9 [   Orc:2 *:[(

Annotations:
D:5 1 runed translucent door, Crownlay's ghost, amateur DsNe
D:14 exclusion: orange crystal statue
Abyss:1 Kirke


Innate Abilities, Weirdness & Mutations

You have razor-sharp teeth.
Your natural rate of healing is unusually fast.
When hurt, damage is shared between your health and your magic reserves.
Your bite disrupts and absorbs the magic of your enemies.
Potions cannot restore your health.


Message History

The blizzard demon completely resists.
You hear a shout!
You hit the blizzard demon but do no damage.
Space warps around the blizzard demon.
The blizzard demon is lightly wounded.
The spriggan defender simulacrum hits you!
The spriggan defender simulacrum freezes you!
You resist.
* * * LOW HITPOINT WARNING * * *
You can now pass through a line of other dancers.
You closely miss the blizzard demon.
The blizzard demon is lightly wounded.
The blizzard demon waves its arms in wide circles.
The air twists around and strikes you!
* * * LOW HITPOINT WARNING * * *
You block the spriggan defender simulacrum's attack.
The spriggan defender simulacrum closely misses you.
The spriggan defender simulacrum attacks as you move away!
You block the spriggan defender simulacrum's attack.
The blizzard demon waves its arms in wide circles.
The air twists around and strikes you!
* * * LOW HITPOINT WARNING * * *
You can no longer pass through a line of other dancers.
The spriggan defender simulacrum barely misses you.
The spriggan defender simulacrum attacks as you move away!
You block the spriggan defender simulacrum's attack.
The spriggan defender simulacrum closely misses you.
You enter the shallow water.
Moving in this stuff is going to be slow.
The spriggan defender simulacrum barely misses you.
The spriggan defender simulacrum hits you!
* * * LOW HITPOINT WARNING * * *
The spriggan defender simulacrum freezes you!
You resist.
* * * LOW HITPOINT WARNING * * *
The spriggan defender simulacrum attacks as you move away!
The spriggan defender simulacrum closely misses you.
The blizzard demon waves its arms in wide circles.
The air twists around and strikes you!!
You die...

###..###≈≈≈##..#########...##
###...##≈≈≈≈≈≈##...##.........#
#...###≈≈≈≈≈≈≈≈#..###...⌠.?.#..
#..#.#.#≈≈≈≈≈≈≈≈≈###..##.....##..
.# ##.####≈≈≈≈≈≈≈##..#########..#
#####§Z##≈≈≈≈≈≈≈##..### ##..
#....###≈≈≈≈≈~2####...# #..
..#....######~~~####..## ##.
##.....##..##Z@##.#..## ##
##.....Z######~.#....# # ########
#########


You could see a blizzard demon and a spriggan defender simulacrum.

Vanquished Creatures
  A minotaur (Gauntlet)
  A centaur warrior (D:13)
  3 hydras
  A boulder beetle (Lair:4)
  3 two-headed ogres
  5 death yaks
  An orc high priest (Orc:2)
  5 spriggan simulacra (IceCv)
  An obsidian statue (IceCv)
  Pikel (D:7)
  2 orc knights (Orc:2)
  3 orc sorcerers (Orc:2)
  2 deep elf pyromancers
  A cyclops (D:13)
  An ugly thing (D:13)
  A manticore (D:12)
  6 elephants
  A water nymph (Lair:3)
  6 black mambas
  6 cane toads
  2 gargoyles
  3 rime drakes
  8 komodo dragons
  Maggie (D:6)
  5 freezing wraiths
  An unseen horror (D:13)
  A tengu conjurer (D:12)
  3 anaconda simulacra (IceCv)
  A kobold demonologist (D:7)
  9 ice devils (IceCv)
  3 trolls
  3 meliai (Gauntlet)
  3 polar bears
  5 hornets (Lair:5)
  23 blink frogs
  A dream sheep (D:11)
  3 centaur simulacra (Gauntlet)
  Sigmund (D:6)
  2 shadows
  6 slime creatures (D:12)
  A wraith (D:9)
  13 spriggans (Lair:5)
  43 yaks
  A vampire (D:8)
  A wyvern (D:8)
  Eustachio (D:6)
  4 hogs (D:13)
  3 dire elephant simulacra (IceCv)
  A water elemental (D:14)
  3 basilisks
  12 vampire mosquitoes
  3 steam dragons
  5 wargs
  7 minotaur simulacra (IceCv)
  A harpy simulacrum (IceCv)
  2 nagas (Lair:3)
  2 acid dragons
  Duvessa (D:6)
  A hydra simulacrum (IceCv)
  9 water moccasins
  3 ice beasts
  18 orc warriors
  2 black bears
  2 alligator simulacra (IceCv)
  4 boggarts (Lair:5)
  10 ogres
  5 centaurs
  19 wolves
  5 kobold brigands
  2 lemures (D:7)
  9 bullfrogs
  A necrophage (D:7)
  A gnoll sergeant (D:9)
  6 deep troll simulacra (IceCv)
  A scorpion (D:4)
  15 wights
  Dowan (D:6)
  4 killer bees (D:10)
  2 lindwurm simulacra (IceCv)
  2 howler monkeys
  2 electric eels
  18 orc priests
  Crazy Yiuf (D:2)
  A gnoll bouda (D:8)
  A wyvern simulacrum (Gauntlet)
  2 hounds
  4 jellies
  6 iguanas
  Natasha (twice) (D:2)
  18 orc wizards
  A boggart simulacrum (Gauntlet)
  11 gnolls
  4 adders
  A white imp (D:6)
  2 ufetubi (Gauntlet)
  4 dart slugs
  56 orcs
  6 bats
  12 endoplasms
  2 giant cockroaches (D:2)
  8 goblins
  5 hobgoblins
  3 jackals (D:4)
  A quokka (D:3)
  9 ball pythons
  4 frilled lizards
  23 kobolds
  7 rats
575 creatures vanquished.

Vanquished Creatures (others)
  An orc priest (Orc:2)
1 creature vanquished.

Grand Total: 576 creatures vanquished

Notes
Turn   | Place    | Note
-------+----------+-------------------------------------------
     0 | D:1      | wvc the Vine Stalker Fighter began the quest for the Orb.
     0 | D:1      | Reached XP level 1. HP: 11/11 MP: 2/2
   369 | D:1      | Reached XP level 2. HP: 16/16 MP: 3/3
  1058 | D:1      | Reached XP level 3. HP: 16/19 MP: 4/4
  1194 | D:2      | Found a hide-covered altar of Uskayaw.
  1315 | D:2      | Found Lede Akoco's Antique Armour Boutique.
  1316 | D:2      | Noticed Natasha
  1333 | D:2      | Killed Natasha
  1334 | D:2      | Gained mutation: Your natural rate of healing is unusually
                  | fast. [Vine Stalker growth]
  1334 | D:2      | Reached XP level 4. HP: 18/23 MP: 3/5
  1446 | D:2      | Became a worshipper of Uskayaw the Reveller
  1486 | D:2      | Found a runed translucent door.
  1487 | D:2      | Noticed Crazy Yiuf
  1538 | D:2      | Reached * piety under Uskayaw
  1539 | D:2      | Killed Crazy Yiuf
  1550 | D:2      | Identified the +6 hammer of Wondrous Power {holy, Stlth+}
  1762 | D:2      | Noticed Natasha
  1766 | D:2      | Killed Natasha
  1766 | D:2      | Reached ** piety under Uskayaw
  1767 | D:2      | Reached XP level 5. HP: 27/27 MP: 6/6
  2212 | D:3      | Reached skill level 1 in Short Blades
  2504 | D:3      | Reached *** piety under Uskayaw
  2505 | D:3      | Reached XP level 6. HP: 32/32 MP: 7/7
  2670 | D:3      | Found a bloodstained altar of Trog.
  2674 | D:3      | Found a sacrificial altar of Ru.
  2759 | D:4      | Found an ornate altar of the Wu Jian Council.
  2983 | D:4      | Reached XP level 7. HP: 27/35 MP: 5/8
  3300 | D:5      | Entered Level 5 of the Dungeon
  3313 | D:5      | Got the Handbook of Wanderlust and the Nimbus
  3526 | D:5      | Found a runed translucent door.
  3526 | D:5      | Noticed a wyvern
  3526 | D:5      | Noticed Crownlay's ghost (amateur DsNe)
  3581 | D:5      | Reached skill level 5 in Short Blades
  3846 | D:6      | Noticed Sigmund
  3849 | D:6      | Noticed Dowan
  3849 | D:6      | Noticed Duvessa
  3852 | D:6      | Killed Sigmund
  3859 | D:6      | Killed Duvessa
  3860 | D:6      | Gained mutation: You have razor-sharp teeth. [Vine Stalker
                  | growth]
  3860 | D:6      | Reached XP level 8. HP: 39/39 MP: 9/9
  3862 | D:6      | Reached **** piety under Uskayaw
  3865 | D:6      | Killed Dowan
  3865 | D:6      | Reached ***** piety under Uskayaw
  4118 | D:6      | Noticed Maggie
  4133 | D:6      | Killed Maggie
  4307 | D:6      | Noticed Eustachio
  4315 | D:6      | Killed Eustachio
  4844 | D:6      | Reached XP level 9. HP: 43/43 MP: 10/10
  5150 | D:7      | Found a staircase to the Ecumenical Temple.
  5168 | D:7      | Noticed Pikel
  5184 | D:7      | Killed Pikel
  5185 | D:7      | Reached skill level 10 in Short Blades
  5199 | D:7      | Reached skill level 1 in Dodging
  5415 | D:7      | Noticed a kobold demonologist
  5455 | D:7      | Reached XP level 10. HP: 51/51 MP: 11/11
  5481 | D:7      | Reached ****** piety under Uskayaw
  5492 | D:7      | Killed a kobold demonologist
  5734 | D:8      | Reached skill level 5 in Fighting
  5740 | D:8      | Reached skill level 5 in Armour
  6569 | D:9      | Found Unwiroiz's Armour Emporium.
  6569 | D:9      | Noticed a two-headed ogre
  6589 | D:9      | Killed a two-headed ogre
  6873 | D:9      | Reached XP level 11. HP: 47/58 MP: 9/12
  7024 | D:9      | Found a staircase to the Lair.
  7278 | D:10     | Entered Level 10 of the Dungeon
  7490 | D:10     | Found a stormy altar of Qazlal.
  8346 | Lair:1   | Entered Level 1 of the Lair of Beasts
  8572 | Lair:1   | Identified the +1 war axe "Gogra" {freeze, rC+}
  8740 | Lair:1   | Identified the +1 trident "Qanikk" {pain, Will+ Str+2}
  9924 | Lair:3   | Reached XP level 12. HP: 65/65 MP: 13/13
 10213 | Lair:3   | Reached skill level 5 in Dodging
 10243 | Lair:3   | Reached skill level 5 in Shields
 10366 | Lair:3   | Found a staircase to the Snake Pit.
 10909 | Lair:4   | Noticed a boulder beetle
 10978 | Lair:4   | Killed a boulder beetle
 11038 | Lair:4   | Noticed a death yak
 11039 | Lair:4   | Noticed a death yak
 11040 | Lair:4   | Noticed a death yak
 11042 | Lair:4   | Noticed a death yak
 11050 | Lair:4   | Killed a death yak
 11052 | Lair:4   | Killed a death yak
 11061 | Lair:4   | Killed a death yak
 11063 | Lair:4   | Killed a death yak
 11190 | Lair:4   | Reached skill level 10 in Fighting
 11412 | Lair:5   | Entered Level 5 of the Lair of Beasts
 11430 | Lair:5   | Noticed a five-headed hydra
 11446 | Lair:5   | Killed a five-headed hydra
 11447 | Lair:5   | Reached XP level 13. HP: 72/72 MP: 14/14
 12150 | Lair:5   | Reached XP level 14. HP: 79/79 MP: 15/15
 12520 | Lair:5   | Found a staircase to the Slime Pits.
 12569 | Lair:5   | Found a viscous altar of Jiyva.
 12808 | Lair:5   | Upgraded the game from 0.30-a0-715-gdb4ae3ece1 to
                  | 0.31-a0-271-gb88eb75e06
 13109 | D:11     | Reached skill level 10 in Shields
 13962 | D:12     | Found a gate leading to a gauntlet.
 13991 | Gauntlet | Entered a Gauntlet
 13991 | Gauntlet | Found a transporter.
 14009 | Gauntlet | Found a transporter.
 14024 | Gauntlet | Found a transporter.
 14026 | Gauntlet | Found a large runed translucent door.
 14026 | Gauntlet | Found a large runed translucent door.
 14027 | Gauntlet | Found a large runed translucent door.
 14027 | Gauntlet | Found a large runed translucent door.
 14028 | Gauntlet | Found a large runed translucent door.
 14028 | Gauntlet | Found a large runed translucent door.
 14028 | Gauntlet | Found a runed translucent door.
 14028 | Gauntlet | Found a runed translucent door.
 14028 | Gauntlet | Found a large runed translucent door.
 14029 | Gauntlet | Found a transporter.
 14046 | Gauntlet | Found a transporter.
 14059 | Gauntlet | Found a large runed translucent door.
 14060 | Gauntlet | Found a large runed translucent door.
 14061 | Gauntlet | Found a large runed translucent door.
 14061 | Gauntlet | Found a large runed translucent door.
 14062 | Gauntlet | Found a runed translucent gate.
 14063 | Gauntlet | Found a transporter.
 14063 | Gauntlet | Found a runed translucent gate.
 14064 | Gauntlet | Found a runed translucent gate.
 14065 | Gauntlet | Found a large runed translucent door.
 14065 | Gauntlet | Found a large runed translucent door.
 14066 | Gauntlet | Found a large runed translucent door.
 14067 | Gauntlet | Found a large runed translucent door.
 14072 | Gauntlet | Found a transporter.
 14083 | Gauntlet | Noticed a balrug
 14087 | Gauntlet | Found a transporter.
 14099 | Gauntlet | Found a transporter.
 14109 | Gauntlet | Found the +3 Mad Mage's Maulers {Infuse+∞ VampMP -Cast}
 14111 | Gauntlet | Found a transporter.
 14128 | Gauntlet | Found a transporter.
 14128 | Gauntlet | Found a transporter.
 14148 | Gauntlet | Found a transporter.
 14170 | Gauntlet | Found a transporter.
 14188 | Gauntlet | Found a large runed translucent door.
 14194 | Gauntlet | Found a transporter.
 14271 | Gauntlet | Found a transporter.
 14296 | Gauntlet | Found a transporter.
 14298 | Gauntlet | Found a transporter.
 14652 | Gauntlet | Identified the -1 pair of gloves of Gallantry {rElec}
 14786 | Gauntlet | Got the Quarto of Spatial Wildfire
 14810 | D:12     | Found a flickering gateway to a bazaar.
 14816 | Bazaar   | Entered a bazaar
 14817 | Bazaar   | Found Gyifehag's Armour Shop.
 14817 | Bazaar   | Found Duteneredo's Magic Scroll Boutique.
 14818 | Bazaar   | Found Nowimolean's Weapon Emporium.
 14849 | Bazaar   | Found Oddeipni's Magic Scroll Emporium.
 14857 | Bazaar   | Bought a scroll of enchant weapon for 75 gold pieces
 14857 | Bazaar   | Bought a scroll of brand weapon for 95 gold pieces
 14868 | Bazaar   | Bought a scroll of fear for 40 gold pieces
 14868 | Bazaar   | Bought a scroll of teleportation for 30 gold pieces
 14868 | Bazaar   | Bought a scroll of fog for 40 gold pieces
 15394 | D:12     | Found a staircase to the Orcish Mines.
 15646 | Orc:1    | Entered Level 1 of the Orcish Mines
 16157 | Orc:2    | Entered Level 2 of the Orcish Mines
 16157 | Orc:2    | Found an iron altar of Okawaru.
 16391 | Orc:2    | Found a staircase to the Elven Halls.
 16700 | Orc:2    | Noticed an orc warlord
 16761 | Orc:2    | Banished an orc warlord
 16894 | Orc:2    | Reached skill level 10 in Dodging
 16944 | Orc:2    | Reached XP level 15. HP: 73/84 MP: 13/16
 17022 | Orc:2    | Found Agoabof's General Store.
 17028 | Orc:2    | Found Roeduomi's Antique Armour Emporium.
 17048 | Orc:2    | Bought a scroll of fog for 56 gold pieces
 17048 | Orc:2    | Bought a scroll of fear for 56 gold pieces
 17048 | Orc:2    | Bought a scroll of fog for 56 gold pieces
 17048 | Orc:2    | Bought 2 potions of curing for 84 gold pieces
 17048 | Orc:2    | Bought a scroll of fog for 56 gold pieces
 17074 | Orc:2    | Found Zuon's Antique Weapon Emporium.
 17090 | Orc:2    | Found Xuopoidgh's Book Emporium.
 17582 | D:13     | Noticed Kirke
 17591 | D:13     | Banished Kirke
 17735 | D:13     | Found a basalt altar of Yredelemnul.
 18217 | D:14     | Found a frozen archway.
 18230 | IceCv    | Entered an ice cave
 19645 | IceCv    | HP: 1/85 [spriggan defender simulacrum (13)]
 19646 | IceCv    | Killed from afar by a blizzard demon

Illustrated notes

Levels and vault maps discovered:
D:1:      minmay_arrival_three_doors, layout_basic, serial_co_window_serial,
          co_window_corner_a, co_window_corner_a, co_window_corner_a,
          co_window_paths_a, co_window_paths_a, co_window_corner_a,
          co_window_paths_b, co_window_paths_b, co_window_paths_a,
          co_window_of_opportunity_c, co_window_corner_cb, co_window_broadway_b,
          co_window_of_opportunity_c, glass_columns_a, minmay_heptomino_l4
D:2:      layout_basic, serial_shops, shop, basic_altar, uniq_natasha,
          uniq_crazy_yiuf_cottage
D:3:      layout_basic, minitemple
D:4:      layout_cave_pools, mainiacjoe_overflow_paths, minmay_misc_feat_cross
D:5:      layout_cave_pools, ebering_ghost_inner_flame
D:6:      layout_layer_cave, uniq_eustachio, uniq_duvessa, uniq_sigmund,
          uniq_maggie
D:7:      minmay_clustersquares, layout_gridville, temple_fountains, uniq_pikel
D:8:      layout_basic
D:9:      layout_cave_pools, david_lair_generic, serial_shops,
          nicolae_shop_stone, minivault_5
D:10:     layout_stronghold, nicolae_qazlal_eye_of_the_storm,
          lightli_orcish_oven
D:11:     layout_loops_ring, hangedman_ranch
D:12:     layout_long_grid, david_orc_1_choice, gauntlet_entry_generic,
          serial_shops, bzr_entry_safe
D:13:     layout_basic, yredelemnul_altar_generic, uniq_kirke
D:14:     layout_basic, david_vaults_4, serial_ice, serial_ice_h, serial_ice_j,
          serial_ice_f, serial_ice_c, serial_ice_g, serial_ice_d,
          portal_ice_cave_entry_pillars_2, kennysheep_big_empty_room,
          serial_shops, shop, st_stairs_4, minmay_protected_statue
Lair:1:   layout_roguey, serial_bayou_pond_e, grunt_megastairs_3
Lair:2:   layout_gridlike
Lair:3:   layout_gridlike, nicolae_shoals_entry_flooding,
          guppyfry_snake_entry_garden, grunt_megastairs_2
Lair:4:   layout_big_grid, infiniplex_staircase_pool
Lair:5:   minmay_lair_end_enchanted_forest, layout_concentric_octagons,
          nicolae_slime_entry_field_trip
Orc:1:    layout_diamond_mine, nicolae_shop_overcharged_wands
Orc:2:    grunt_orc_cross, layout_caves, okawaru_metal_pillars_1_2
IceCv:    ice_cave_caverns_02

Skill      XL: |  1  2  3  4  5  6  7  8  9 10 11 12 13 14 15 |
---------------+----------------------------------------------+-----
Maces & Flails | 2 3 4 |  4.8
Short Blades   | 2 4 6 9 10 | 10.0
Fighting       | 4 6 8 10 11 12 | 12.9
Armour         | 4 6 8 9 |  9.9
Dodging        | 1 3 4 7 8 10 | 10.7
Shields        | 3 4 6 9 11 12 | 12.0

Action                     |  1- 3 |  4- 6 |  7- 9 | 10-12 | 13-15 || total
---------------------------+-------+-------+-------+-------+-------++-------
  Melee: Flail             |    80 |     2 |       |       |       ||    82
         Bite              |    23 |    30 |    54 |   187 |   503 ||   797
         Dagger            |       |   110 |   174 |   550 |  1306 ||  2140
  Throw: Dart              |       |       |       |     6 |    13 ||    19
         Throwing net      |       |       |       |       |     3 ||     3
 Invoke: Line Pass         |       |       |       |       |     1 ||     1
  Evoke: Wand              |       |       |       |     8 |    38 ||    46
    Use: Scroll            |       |     9 |     5 |     9 |     6 ||    29
   Stab: Paralysed         |       |     2 |     5 |    28 |    60 ||    95
         Distracted        |       |       |       |       |     3 ||     3
         Held in net/web   |       |       |       |       |     2 ||     2
         Sleeping          |       |       |       |       |     1 ||     1
 Armour: Scale mail        |    41 |    33 |    29 |    40 |       ||   143
         Steam dragon scal |       |       |       |    23 |   113 ||   136
  Dodge: Dodged            |    44 |    56 |    53 |   303 |   656 ||  1112
  Block: Buckler           |    28 |    22 |    24 |    47 |    56 ||   177
         Kite shield       |       |       |       |    88 |   467 ||   555

Table legend: (Time is in decaauts)
 A = Elapsed time spent in this place.
 B = Non-inter-level travel time spent in this place.
 C = Inter-level travel time spent in this place.
 D = Time resting spent in this place.
 E = Time spent auto-exploring this place.
 F = Levels seen in this place.
 G = Mean time per level.
                   A        B        C        D        E       F      G
               +--------+--------+--------+--------+--------+-----+--------+
         Total |  18876 |  17994 |    882 |    934 |  12422 |  24 |  786.5 |
       Dungeon |  10827 |  10264 |    563 |    156 |   7895 |  14 |  773.4 |
          Lair |   4344 |   4077 |    267 |     51 |   3032 |   5 |  868.8 |
  Orcish Mines |   1523 |   1472 |     51 |     43 |    934 |   2 |  761.5 |
        Bazaar |     86 |     86 |      0 |      0 |     37 |   1 |   86.0 |
      Ice Cave |   1308 |   1308 |      0 |    683 |    190 |   1 | 1308.0 |
      Gauntlet |    786 |    786 |      0 |      0 |    334 |   1 |  786.0 |
               +--------+--------+--------+--------+--------+-----+--------+

Top non-repeatable levels by time:
   IceCv: 1308 daAuts
  Lair:5: 1270 daAuts
     D:6: 1157 daAuts
   Orc:2: 1037 daAuts
     D:2: 1035 daAuts
     D:1: 1020 daAuts
  Lair:3: 1006 daAuts
    D:10: 926 daAuts
    D:12: 918 daAuts
    D:11: 837 daAuts
  Lair:2: 826 daAuts
     D:9: 820 daAuts
     D:8: 798 daAuts
Gauntlet: 786 daAuts
    D:13: 763 daAuts
